 Dungeon Crawl Stone Soup version 0.21.0 (webtiles) character file.

2705 letownia2 the Grappler (level 9, -3/46 HPs)
             Began as a Vine Stalker Fighter on Jan 7, 2018.
             Slain by an acid dragon (6 damage)
             ... on level 7 of the Dungeon.
             The game lasted 00:10:08 (3369 turns).

letownia2 the Grappler (Vine Stalker Fighter)       Turns: 3369, Time: 00:10:09

Health: -3/46      AC:  0    Str: 19    XL:     9   Next: 65%
Magic:  0/14       EV:  9    Int: 11    God:
Gold:   368        SH:  0    Dex: 14    Spells: 11/13 levels left

rFire    . . .     SeeInvis .     - Unarmed
rCold    . . .     Gourm    .   (no shield)
rNeg     + . .     Faith    .   a - +0 scale mail
rPois    .         Spirit   +   (no helmet)
rElec    .         Reflect  .   (no cloak)
rCorr    .         Harm     .   y - +0 pair of gloves
MR       +....                  (no boots)
Stlth    ..........             (no amulet)
HPRegen  0.55/turn              j - ring of positive energy
MPRegen  0.14/turn              (no ring)

@: corroded
A: fangs 3, regeneration 1, magic shield, antimagic bite, no potion heal 3, rot
immunity
a: no special abilities


You were on level 7 of the Dungeon.
You were not hungry.

You visited 1 branch of the dungeon, and saw 7 of its levels.
You also visited: Ossuary.

You collected 368 gold pieces.

Inventory:

Hand Weapons
 f - a +0 shortbow
 B - a +6 dire flail of holy wrath
Missiles
 p - 7 javelins (quivered)
 r - 18 arrows
Armour
 a - a +0 scale mail (worn)
 b - a +0 shield
 i - a +0 ring mail
 y - a +0 pair of gloves (worn)
Jewellery
 j - a ring of positive energy (left hand)
Wands
 z - a wand of polymorph (15)
Scrolls
 e - 2 scrolls of fog {unknown}
 g - a scroll of random uselessness {unknown}
 l - 4 scrolls of teleportation {unknown}
 n - a scroll of remove curse {unknown}
 o - a scroll of blinking {unknown}
 t - 5 scrolls of identify {unknown}
 u - a scroll of vulnerability {unknown}
 v - 2 scrolls of amnesia {unknown}
 C - 3 scrolls of enchant weapon {unknown}
 D - a scroll of enchant armour {unknown}
 F - a scroll of magic mapping {unknown}
Potions
 c - 2 potions of might
 h - a potion of magic {unknown}
 k - 3 potions of cancellation {unknown}
 m - 5 potions of curing {unknown}
 s - 3 potions of heal wounds {unknown}
 w - 2 potions of flight {unknown}
 x - 2 potions of mutation {unknown}
 A - 2 potions of haste
Books
 q - a book of Changes

   Spells                             Type                      Level
   a - Beastly Appendage              Transmutation                1
   b - Sticks to Snakes               Transmutation                2
   c - Spider Form                    Transmutation/Poison         3
   d - Ice Form                       Ice/Transmutation            4
   e - Blade Hands                    Transmutation                5
Comestibles
 d - 8 rations
 E - 2 chunks of flesh


   Skills:
 - Level 4.8 Fighting
 + Level 5.0 Armour
 - Level 2.6 Shields
 + Level 10.6 Unarmed Combat
 - Level 2.8 Spellcasting


You had 11 spell levels left.
You knew the following spells:

 Your Spells              Type           Power        Failure   Level  Hunger
l - Sticks to Snakes      Tmut           #.......     75%         2    ###....


Dungeon Overview and Level Annotations

Branches:
Dungeon (7/15)
 Temple: D:4-7

Altars:
Ashenzari
Dithmenos
Hepliaklqana
Makhleb
Ru
Sif Muna
Uskayaw
Vehumet
Xom
Yredelemnul
Zin


Innate Abilities, Weirdness & Mutations

You have razor-sharp teeth.
Your natural rate of healing is unusually fast.
When hurt, damage is shared between your health and your magic reserves.
Your bite disrupts and absorbs the magic of your enemies.
Potions cannot restore your health.
You are immune to rotting.


Message History

Unknown command.
Evoke which item? (* to show all) (? for menu, Esc to quit)
Okay, then.
Put on which piece of jewellery? (? for menu, Esc to quit)
Okay, then.
Okay, then.
You closely miss the acid dragon.
You bite the acid dragon, but do no damage.
The acid dragon is severely wounded.
The acid dragon barely misses you. The acid dragon claws you.
* * * LOW HITPOINT WARNING * * *
You barely miss the acid dragon. Your bite misses the acid dragon.
The acid dragon is severely wounded.
The acid dragon completely misses you. The acid dragon claws you.
* * * LOW HITPOINT WARNING * * *
Unknown command.
You hit the acid dragon.
The acid dragon is almost dead.
The acid dragon bites you!
You die...

#....###...+###
##............#.
................
###...$.....
###..#.)....##
###/##.#..)...#.
###....#.#..#.##..
###.....†#.#..#.#...
#..@.##....#.......#
#..##D.)...#.#....#...
#. #O##....#.#....#...
#zH####.##.#.#..##.8
##o# ###..#.#..##..
##o.# ###.#....o.
##o..o #.#..#..#
##}.S)[ #...>...o
##).|.## #........


You could see a two-headed ogre, a manticore, an orc warrior, an acid dragon, a
wight and 2 orcs.

Vanquished Creatures
  Prince Ribbit (D:5)
  Eustachio (D:6)
  Sigmund (D:5)
  A hungry ghost (D:6)
  Edmund (D:6)
  3 ogres
  A necrophage (D:6)
  2 phantoms (D:5)
  A centaur (D:5)
  4 bullfrogs
  4 crimson imps
  7 hounds
  A quasit (D:4)
  2 orc priests
  A gnoll shaman (D:6)
  2 bullfrog skeletons
  A human zombie (Ossuary)
  An iguana (D:5)
  4 orc wizards
  3 worker ants
  2 big kobold zombies (Ossuary)
  3 hound zombies
  A hound skeleton (D:6)
  4 mummies (Ossuary)
  A worker ant zombie (D:6)
  6 adders
  6 gnolls
  A howler monkey skeleton (D:5)
  An adder skeleton (D:4)
  2 worms
  4 leopard geckos
  14 orcs
  4 giant cockroaches
  A gnoll zombie (Ossuary)
  4 goblins
  2 hobgoblins
  3 jackals (D:5)
  8 quokkas
  A ball python (D:2)
  A bat (D:2)
  3 frilled lizards (D:2)
  2 goblin zombies (Ossuary)
  A jackal skeleton (D:6)
  A jackal zombie (Ossuary)
  A kobold (D:2)
  A kobold zombie (Ossuary)
  An orc zombie (Ossuary)
  A quokka skeleton (D:6)
  A quokka zombie (D:6)
  3 rats
  A rat zombie (Ossuary)
127 creatures vanquished.

Notes
Turn   | Place    | Note
-------+----------+-------------------------------------------
     0 | D:1      | letownia2 the Vine Stalker Fighter began the quest for the Orb.
     0 | D:1      | Reached XP level 1. HP: 11/11 MP: 2/2
   153 | D:2      | Found a shadowy altar of Dithmenos.
   223 | D:2      | Reached skill level 3 in Unarmed Combat
   223 | D:2      | Reached XP level 2. HP: 14/16 MP: 1/3
   279 | D:2      | Reached XP level 3. HP: 16/19 MP: 4/4
   528 | D:4      | Noticed an ogre
   549 | D:4      | Reached skill level 4 in Unarmed Combat
   549 | D:4      | Gained mutation: Your natural rate of healing is unusually fast. [Vine Stalker growth]
   549 | D:4      | Reached XP level 4. HP: 21/23 MP: 5/5
   561 | D:4      | Killed an ogre
   561 | D:4      | Reached skill level 5 in Unarmed Combat
   561 | D:4      | Reached XP level 5. HP: 12/27 MP: 2/6
   759 | D:4      | Found a radiant altar of Vehumet.
   768 | D:4      | Reached skill level 6 in Unarmed Combat
   768 | D:4      | Reached XP level 6. HP: 25/32 MP: 5/7
  1356 | D:5      | Entered Level 5 of the Dungeon
  1359 | D:5      | Noticed a phantom
  1382 | D:5      | Killed a phantom
  1382 | D:5      | Reached skill level 7 in Unarmed Combat
  1382 | D:5      | Reached XP level 7. HP: 13/35 MP: 6/8
  1411 | D:5      | Learned a level 2 spell: Sticks to Snakes
  1453 | D:5      | Noticed Prince Ribbit
  1460 | D:5      | Killed Prince Ribbit
  1460 | D:5      | Reached skill level 8 in Unarmed Combat
  1536 | D:5      | Noticed Sigmund
  1573 | D:5      | Found a sand-covered staircase.
  1578 | Ossuary  | Entered an ossuary
  1631 | Ossuary  | Gained mutation: You have razor-sharp teeth. [Vine Stalker growth]
  1631 | Ossuary  | Reached XP level 8. HP: 39/39 MP: 11/13
  1805 | D:5      | Killed Sigmund
  1994 | D:5      | Reached skill level 9 in Unarmed Combat
  2009 | D:5      | Found a hide-covered altar of Uskayaw.
  2144 | D:5      | Found a shimmering altar of Xom.
  2147 | D:5      | Found a basalt altar of Yredelemnul.
  2147 | D:5      | Found a shattered altar of Ashenzari.
  2154 | D:5      | Found a deep blue altar of Sif Muna.
  2214 | D:5      | Found a burning altar of Makhleb.
  2400 | D:6      | Reached XP level 9. HP: 43/46 MP: 12/14
  2404 | D:6      | Noticed Eustachio
  2416 | D:6      | Killed Eustachio
  2494 | D:6      | Found a sacrificial altar of Ru.
  2594 | D:6      | Noticed Edmund
  2604 | D:6      | Killed Edmund
  2604 | D:6      | Reached skill level 10 in Unarmed Combat
  2699 | D:6      | Found a hazy altar of Hepliaklqana.
  2700 | D:6      | Found a glowing silver altar of Zin.
  3343 | D:7      | Reached skill level 5 in Armour
  3356 | D:7      | Noticed a manticore
  3356 | D:7      | Noticed a two-headed ogre
  3357 | D:7      | Found the +8 Wrath of Trog {antimagic, *Rage}
  3369 | D:7      | Slain by an acid dragon

Skill      XL: |  1  2  3  4  5  6  7  8  9 |
---------------+----------------------------+-----
Unarmed Combat | 3 4 5 6 7 8 9 10 | 10.6
Spellcasting   | 2 |  2.8
Fighting       | 4 |  4.8
Armour         | 3 5 |  5.0
Shields        | |  2.6

Action                   |  1- 3 |  4- 6 |  7- 9 || total
-------------------------+-------+-------+-------++-------
Melee: Unarmed           |    82 |    85 |   318 ||   485
       Bite              |    20 |    35 |   111 ||   166
       Punch             |       |     2 |    14 ||    16
  Eat: Chunk             |       |     2 |     8 ||    10
Armor: Scale mail        |    38 |    27 |   147 ||   212
Dodge: Dodged            |    37 |    31 |   161 ||   229
